cohdb
Replays
Latest Replays
All Replays
Popular Replays
Top Player Replays
Match Explorer
How It Works
Community
CoH3 Stats
Reddit
Sign in to upload your games and track your stats! →
Sign in with Steam
Match 42745431
Unlisted
Match 42745431
Overview
Messages
Build Orders
End
Construct Barracks
Engineer Squad
Engineer Squad
Selects Armored Battlegroup
Selects Assault Engineers
Construct Weapon Support Center
M1919 Machine Gun Team
M1919 Machine Gun Team
Infantry Support Center
Construct Medical Station
M3 Armored Personnel Carrier
Bazooka Squad
Sniper
M3 Armored Personnel Carrier
Sniper
Mortar Pit
.30 cal Machine Gun
Construct Tank Depot
Selects M31 Recovery Vehicle
Selects War Machine
Selects Fast Deploy
.30 cal Machine Gun
Selects Seek and Destroy
Selects UNKNOWN (2160077)
M4A3E8 Sherman Easy Eight
M4A3E8 Sherman Easy Eight
M18 Hellcat Tank Destroyer
Seek and Destroy
HulkSMASH
⚓️Ruby⚓
Zo͞olo͞oKōbrə
Havoc
0
0
Comments
sign in to comment!
No comments posted yet!